Map: Dusk Towers

Players

Ninkazi - Winner!

  • Race: Terran Terran
  • League: Master

monk

  • Race: Protoss Protoss
  • League: Master

VOD

Have the link to the VOD?

Description

Time

  • Played on: Feb. 24, 2016, 6:54 p.m.
  • Length: 10:26
Show
View Real Time Build Order
Export as new Build Order

Ninkazi Terran - Winner!

Build Orders: Reaper Expand, MMM Bio 

Get SALT Encoding   

  12  0:00  SCV  
  13  0:13  SCV  
  14  0:18  Supply Depot  
  14  0:25  SCV  
  15  0:40  SCV  
  15  0:41  Barracks  
  16  0:44  Refinery  
  16  0:52  SCV  
  17  1:04  SCV  
  18  1:16  SCV  
  19  1:28  Orbital Command  
  19  1:29  Reaper  
  20  1:42  Command Center  
  20  1:50  Supply Depot  
  20  1:53  SCV  
  21  2:01  Barracks Reactor  
  21  2:06  SCV  
  22  2:08  Barracks  
  22  2:12  Refinery  
  22  2:18  SCV  
  23  2:25  Factory  
  23  2:30  SCV  
  24  2:42  SCV  
  25  2:48  Marine x2  
  27  2:54  SCV  
  27  2:56  Barracks Tech Lab  
  28  3:01  Orbital Command  
  28  3:06  SCV  
  28  3:10  Starport  
  28  3:11  Factory Reactor  
  29  3:14  Marine x2  
  29  3:15  Marine  
  29  3:18  SCV  
  33  3:24  Supply Depot  
  33  3:26  Stimpack  
  33  3:30  SCV  
  34  3:38  Marine x2, SCV  
  37  3:48  SCV, Widow Mine x2  
  41  3:56  SCV  
  41  3:58  Medivac  
  41  4:01  Marine x3  
  47  4:03  SCV  
  47  4:09  SCV  
  49  4:10  Supply Depot  
  49  4:16  SCV  
  50  4:19  Marine  
  50  4:21  SCV  
  50  4:22  Marine x2  
  54  4:24  Liberator  
  54  4:31  SCV  
  54  4:33  SCV  
  54  4:36  Supply Depot  
  54  4:37  Supply Depot  
  56  4:40  Refinery  
  56  4:41  Liberator  
  56  4:43  SCV  
  60  4:49  SCV  
  60  4:50  Supply Depot  
  60  4:52  Marine  
  62  4:58  Marine x2, SCV  
  62  4:59  Factory Reactor  
  68  5:09  Marine  
  69  5:14  SCV  
  69  5:15  Marine x2  
  69  5:19  Command Center  
  69  5:20  SCV  
  73  5:26  Refinery  
  73  5:27  Marine, SCV  
  75  5:33  Marine  
  72  5:36  Marine  
  72  5:38  Combat Shields  
  72  5:40  SCV, Widow Mine x2  
  78  5:45  Marine  
  72  5:51  Marine  
  72  5:54  Marine  
  74  5:58  SCV  
  74  5:59  SCV  
  74  6:00  Medivac x2  
  74  6:03  Marine  
  81  6:08  Barracks  
  81  6:09  Marine, Barracks  
  81  6:10  SCV, Barracks  
  83  6:16  SCV, Widow Mine  
  86  6:29  Supply Depot  
  86  6:30  Marine x3, SCV x2, Widow Mine  
  86  6:31  Supply Depot  
  86  6:32  Medivac  
  95  6:39  Orbital Command  
  92  6:43  SCV  
  92  6:44  SCV  
  92  6:45  Widow Mine  
  96  6:47  Liberator  
  96  6:48  Marine x3  
  96  6:50  Liberator  
  96  6:55  SCV  
  96  6:56  SCV  
  96  6:58  Widow Mine, Barracks Tech Lab  
  96  6:59  Barracks Tech Lab x2  
  100  7:06  Marine x2  
  100  7:07  SCV  
  109  7:10  Orbital Command, SCV  
  109  7:11  Marine  
  109  7:13  Widow Mine  
  113  7:18  Marauder x2  
  117  7:25  Marine  
  117  7:26  SCV, Supply Depot  
  117  7:27  Widow Mine  
  117  7:28  Supply Depot  
  117  7:29  Marine x2  
  125  7:33  SCV  
  125  7:36  SCV  
  125  7:47  Marine x2, Liberator  
  125  7:48  SCV x3  
  125  7:49  Supply Depot  
  125  7:50  Marine x3, Supply Depot  
  133  7:51  Marine  
  133  7:53  Liberator  
  134  8:00  SCV x2  
  134  8:03  SCV  
  140  8:10  Supply Depot, Widow Mine x2  
  145  8:23  Marine  
  145  8:24  Marauder  
  145  8:28  Marine  
  145  8:29  Marine, Liberator, Marauder x2  
  150  8:36  Liberator  
  148  8:41  Marine  
  148  8:45  Marauder  
  148  8:46  Marine  
  148  8:47  Marauder  
  157  8:48  SCV  
  157  8:50  Marine  
  157  8:51  Marauder  
  161  8:59  Marine  
  147  9:04  Marine  
  147  9:06  Marine  
  147  9:08  Marine, Marauder  
  144  9:11  Marine  
  144  9:12  Liberator  
  144  9:17  Marine  
  145  9:22  Marine  
  140  9:24  Marauder  
  140  9:25  Marine  
  140  9:27  Engineering Bay  
  140  9:28  Engineering Bay, Supply Depot  
  140  9:29  Marine  
  140  9:30  Marauder  
  139  9:34  Marine  
  136  9:40  Marine, Command Center  
  136  9:41  Barracks x3  
  136  9:44  Marauder  
  139  9:46  Marauder  
  139  9:48  Marine  
  139  9:50  SCV x3  
  139  9:51  Marauder  
  139  9:52  Marine  
  144  9:55  Supply Depot x2  
  144  9:57  Marine  
  135  10:02  SCV x3  
  135  10:05  Marine  
  135  10:07  Marine  
Show
View Real Time Build Order
Export as new Build Order

monk Protoss 

Build Orders: 1 Gate Expand 

Get SALT Encoding   

  12  0:01  Probe (Chrono Boost)  
  13  0:12  Probe (Chrono Boost)  
  14  0:20  Pylon  
  14  0:23  Probe (Chrono Boost)  
  15  0:38  Probe (Chrono Boost)  
  15  0:39  Gateway  
  16  0:48  Probe (Chrono Boost)  
  17  0:59  Probe (Chrono Boost)  
  18  1:09  Probe (Chrono Boost)  
  19  1:18  Nexus  
  19  1:21  Assimilator  
  19  1:30  Cybernetics Core  
  19  1:34  Probe (Chrono Boost)  
  20  1:43  Pylon  
  20  1:45  Probe (Chrono Boost)  
  21  1:50  Assimilator  
  21  1:56  Probe (Chrono Boost)  
  22  2:07  Adept (Chrono Boost)  
  24  2:09  Probe  
  25  2:17  Warp Gate  
  25  2:21  Probe  
  26  2:33  Probe  
  26  2:36  Probe  
  28  2:44  Robotics Facility  
  28  2:45  Probe  
  28  2:47  Probe  
  28  2:49  Adept (Chrono Boost)  
  32  2:57  Probe  
  32  2:58  Probe  
  33  3:00  Pylon  
  34  3:08  Probe  
  34  3:09  Probe (Chrono Boost)  
  36  3:20  Probe (Chrono Boost)  
  36  3:21  Probe (Chrono Boost)  
  36  3:22  Adept  
  40  3:30  Probe (Chrono Boost)  
  40  3:31  Gateway  
  40  3:33  Gateway  
  42  3:34  Observer (Chrono Boost)  
  42  3:35  Gateway  
  42  3:37  Probe  
  42  3:40  Probe  
  44  3:49  Probe  
  45  3:56  Probe  
  45  3:58  Observer (Chrono Boost)  
  45  4:02  Probe  
  48  4:06  Assimilator  
  48  4:09  Pylon  
  49  4:11  Mothership Core  
  49  4:12  Nexus  
  49  4:16  Pylon  
  50  4:19  Probe  
  50  4:23  Observer (Chrono Boost)  
  52  4:27  Pylon  
  52  4:31  Probe  
  52  4:32  Assimilator  
  52  4:33  Probe  
  54  4:43  Probe x2  
  57  4:46  Observer (Chrono Boost)  
  57  4:52  Sentry  
  59  4:53  Stalker x2  
  59  4:55  Adept  
  59  4:57  Probe  
  59  4:58  Probe  
  67  5:08  Probe  
  67  5:13  Pylon  
  68  5:16  Pylon  
  68  5:17  Probe  
  68  5:18  Probe  
  68  5:20  Twilight Council  
  70  5:22  Immortal (Chrono Boost)  
  74  5:34  Adept  
  74  5:35  Adept x3  
  82  5:41  Probe  
  82  5:42  Probe, Pylon  
  83  5:46  Probe  
  85  5:51  Probe  
  85  5:54  Pylon  
  85  5:55  Probe  
  85  5:56  Blink (Chrono Boost)  
  87  5:57  Probe  
  87  6:02  Probe, Pylon  
  87  6:03  Immortal  
  93  6:06  Assimilator  
  93  6:07  Probe x2  
  93  6:08  Forge  
  93  6:10  Forge  
  95  6:12  Stalker  
  97  6:19  Stalker x2  
  97  6:22  Stalker  
  101  6:33  Probe x2  
  101  6:34  Probe  
  101  6:37  Assimilator  
  100  6:41  Protoss Ground Weapons Level 1 (Chrono Boost)  
  100  6:44  Probe x2  
  100  6:46  Probe  
  100  6:55  Probe, Stalker x3  
  100  6:56  Probe  
  100  6:58  Protoss Ground Armor Level 1 (Chrono Boost)  
  109  7:01  Observer  
  109  7:07  Probe  
  110  7:13  Templar Archives  
  110  7:17  Gateway  
  110  7:20  Gateway  
  110  7:22  Photon Cannon  
  110  7:27  Pylon, Photon Cannon  
  110  7:28  Pylon  
  110  7:34  Photon Cannon  
  110  7:36  Adept x2  
  114  7:42  Psionic Storm  
  114  7:46  Adept x2  
  114  7:47  Resonating Glaives (Chrono Boost)  
  114  7:48  Probe x3  
  121  8:01  Adept  
  121  8:02  Gateway x2  
  121  8:03  High Templar  
  125  8:16  Stalker x2  
  115  8:30  Stalker x3  
  119  8:34  Pylon  
  119  8:35  Pylon  
  117  8:44  Stalker x3  
  119  9:00  Adept  
  119  9:01  Adept x2  
  102  9:06  Mothership Core  
  96  9:10  Adept x3  
  103  9:17  Observer (Chrono Boost)  
  103  9:23  Adept x3  
  93  9:33  Adept x5  
  101  9:45  Stalker x2  
  103  9:46  Stalker  
  98  9:59  Stalker x2  
  84  10:00  Stalker x3  
Tags
 
Add a new tag
Caveats
  • Supply blocks, unpowered buildings, or Contaminate may cause inaccurate times.
  • Supply counts are checked every 10 seconds.